 Dungeon Crawl Stone Soup version 0.20.1-1-g8b1a95d (webtiles) character file.

44 manon the Skirmisher (level 3, 0/24 HPs)
             Began as a Gargoyle Chaos Knight on Sept 10, 2017.
             Slain by a gnoll
             ... wielding a +0 whip
              (1 damage)
             ... on level 2 of the Dungeon.
             The game lasted 00:05:12 (867 turns).

manon the Skirmisher (Gargoyle Chaos Knight)         Turns: 867, Time: 00:05:12

Health: 0/24       AC:  8    Str: 16    XL:     3   Next: 60%
Magic:  3/3        EV: 11    Int: 12    God:    Xom [..*...]
Gold:   47         SH:  0    Dex:  9    Spells: 2/2 levels left

rFire    . . .     SeeInvis .   a - +0 hand axe (chaos)
rCold    . . .     Gourm    .   (no shield)
rNeg     + . .     Faith    .   b - +2 leather armour
rPois    ∞         Spirit   .   (no helmet)
rElec    +         Reflect  .   (no cloak)
rCorr    .         Harm     .   (no gloves)
MR       .....                  (no boots)
Stlth    +.........             (no amulet)
Regen    0.1/turn               (no ring)
MPRegen  0.1/turn               (no ring)

@: no status effects
A: negative energy resistance 1, electricity resistance, unbreathing,
petrification resistance, rot immunity, AC +3
a: Renounce Religion


You were on level 2 of the Dungeon.
You worshipped Xom.
You were a toy of Xom.
You were not hungry.

You visited 1 branch of the dungeon, and saw 2 of its levels.

You collected 47 gold pieces.

Inventory:

Hand Weapons
 a - a +0 hand axe of chaos (weapon)
Armour
 b - a +2 leather armour (worn)
Scrolls
 d - a scroll of enchant armour {unknown}
 g - a scroll of teleportation {unknown}
 i - a scroll of enchant weapon {unknown}
 j - a scroll of magic mapping {unknown}
Potions
 e - a potion of heal wounds {unknown}
 f - a potion of invisibility {unknown}
 h - a potion of flight {unknown}
Comestibles
 c - 2 bread rations


   Skills:
 + Level 3.8 Fighting
 * Level 3.5 Axes
 + Level 2.3 Armour
 - Level 0.7 Dodging
 + Level 0.2 Stealth


You had 2 spell levels left.
You didn't know any spells.

Dungeon Overview and Level Annotations

Branches:
Dungeon (2/15)

Altars:


Innate Abilities, Weirdness & Mutations

You are resistant to torment.
Your stone body is resilient. (AC +3)
You are immune to poison.
You resist negative energy. (rN+)
You are resistant to electric shocks. (rElec)
You can survive without breathing.
You are immune to petrification.
You are immune to rotting.


Message History

The gnoll is almost dead.
Xom almost notices you.
Your scroll labeled QOKOPTU NOMAD briefly glows.
The gnoll closely misses you.
You barely miss the gnoll.
The gnoll is almost dead.
The gnoll hits you with a flail.
You closely miss the gnoll.
The gnoll is almost dead.
You hit the gnoll. You freeze the gnoll. The gnoll barely misses you.
The gnoll hits you with a whip.
You hit the gnoll.
You kill the gnoll!
You hit the gnoll.
The gnoll hits you from afar with a spear.
The gnoll hits you with a whip. The gnoll hits you with a spear!
* * * LOW HITPOINT WARNING * * *
The gnoll hits you with a whip.
You die...

#......... #.#.?.......
#.#......... #
#.#......... ..
##.#......... #.# #<..
##..#.........
##.##..##..##..#.........
....##.##......#g........
##......#.###...@g.......
.#.#...........####..####
...##.......##.# #..#
...##...##.###.## #.#
........##......#####.g.
..##....##.###......# ..g
..##........##.####......
..####......##.# .. .##
##........#


You could see 2 gnolls.

Vanquished Creatures
  A gnoll (D:2)
  A dart slug (D:1)
  3 bats (D:1)
  5 goblins
  A hobgoblin (D:1)
  6 jackals
  3 frilled lizards (D:1)
  7 kobolds
  4 rats
31 creatures vanquished.

Notes
Turn   | Place    | Note
-------+----------+-------------------------------------------
     0 | D:1      | manon the Gargoyle Chaos Knight began the quest for the Orb.
     0 | D:1      | Reached XP level 1. HP: 14/14 MP: 1/1
    14 | D:1      | XOM: harmless Air miscast
   363 | D:1      | Reached XP level 2. HP: 17/19 MP: 2/2
   435 | D:1      | XOM: divination: magic mapping
   794 | D:2      | Reached XP level 3. HP: 24/24 MP: 3/3
   863 | D:2      | XOM: silly message
   867 | D:2      | HP: 1/24 [gnoll/spear (7)]
   867 | D:2      | Slain by a gnoll

Skill      XL: |  1 |
---------------+----+-----
Axes           | 3 |  3.5
Fighting       | |  3.8
Armour         | |  2.3
Dodging        | |  0.7
Stealth        | |  0.2

Action                   || total
-------------------------++-------
Melee: Hand axe          ||   101
Armor: Leather armour    ||    63
Dodge: Dodged            ||    77
